 Dungeon Crawl Stone Soup version 0.30.1 (webtiles) character file.

Game seed: 13440089439047690093

30618 cdecastro the Fighter (level 13, 0/106 HPs)
             Began as a Djinni Fire Elementalist on July 12, 2023.
             Was a Believer of Ashenzari.
             Engulfed by a cloud of flame (4 damage)
             ... on level 13 of the Dungeon on July 13, 2023.
             The game lasted 01:11:29 (20484 turns).

cdecastro the Fighter (Djinni Fire Elementalist)   Turns: 20484, Time: 01:11:30

Health: 0/106      AC: 10    Str:  7    XL:     13   Next: 90%
Gold:   949        EV: 14    Int: 21    God:    Ashenzari [**....] SH:  0 Dex: 15

rFire   + + .        a - +2 dagger (venom)
rCold   + . .        (no shield)
rNeg    . . .        H - +1 leather armour {rC+}
rPois   ∞            z - +0 helmet of the Cryptic Sybil {Melee, Cun} (curse)
rElec   .            (no cloak)
rCorr   .            i - +0 pair of gloves of the Enigmatic Sky {Evo, Self} (curse)
SInv    +            (boots unavailable)
Will    +....        Y - amulet of Ashenzari's Lethargy {Acrobat, Fort, Self} (curse)
Stlth   +++          y - +4 ring of protection
HPRegen 0.37/turn    G - ring of protection from cold
MPRegen 0.00/turn

%: acrobat, infuse magic (-1 HP)
@: flying
A: sickness immunity, fire resistance 2, cold vulnerability 1, float, innate
caster, HP casting, extra vitality 1
a: Renounce Religion, Curse Item, Shatter the Chains


You were on level 13 of the Dungeon.
You worshipped Ashenzari.
Ashenzari was pleased with you.
You visited 2 branches of the dungeon, and saw 14 of its levels.
You also visited: Sewer, Bailey and Gauntlet.

You collected 1059 gold pieces.
You spent 110 gold pieces at shops.

Inventory:

Hand Weapons
 a - a +2 dagger of venom (weapon)
 b - a +7 sling
 Q - a +4 scimitar of flaming
Missiles
 k - 5 atropa-tipped darts
 J - 6 curare-tipped darts
 T - 7 throwing nets
Armour
 i - the cursed +0 pair of gloves of the Enigmatic Sky (worn) {Evo, Self}
   (You found it on level 2 of the Dungeon)

   It has a curse which improves the following skills: Evocations: Evocations.
   Introspection: Fighting and Spellcasting.
 z - the cursed +0 helmet of the Cryptic Sybil (worn) {Melee, Cun}
   (You found it on level 4 of the Dungeon)

   It has a curse which improves the following skills: Melee Combat: Short
   Blades, Long Blades, Axes, Maces & Flails, Polearms, Staves and Unarmed
   Combat.
   Cunning:   Dodging and Stealth.
 H - a +1 leather armour of cold resistance (worn)
Magical Staves
 R - a staff of earth
Jewellery
 d - the ring "Tualefi" {EV+5 Int+2}
   (You found it in a Gauntlet)

   [ring of evasion]

   EV:        It affects your evasion (+5).
   Int:       It affects your intelligence (+2).
 y - a +4 ring of protection (left hand)
 A - a ring of resist corrosion
 G - a ring of protection from cold (right hand)
 O - a ring of protection from fire
 U - a ring of willpower
 V - an amulet of faith
 Y - the cursed amulet of Ashenzari's Lethargy (around neck) {Acrobat, Fort, Self}
   (You took it off a wight on level 9 of the Dungeon)

   [amulet of the acrobat]

   It increases your evasion while moving and waiting.
   It has a curse which improves the following skills: Fortitude: Armour and
   Shields.
   Introspection: Fighting and Spellcasting.
Wands
 l - a wand of digging (3)
 r - a wand of iceblast (3)
 I - a wand of polymorph (2)
 P - a wand of light (16)
 S - a wand of charming (16)
 W - a wand of mindburst (4)
 Z - a wand of flame (17)
Scrolls
 e - 3 scrolls of silence
 f - 2 scrolls of immolation
 g - a scroll of butterflies
 j - 3 scrolls of magic mapping
 m - 4 scrolls of blinking
 n - 4 scrolls of brand weapon
 q - 4 scrolls of fear
 s - a scroll of enchant weapon
 t - 3 scrolls of poison
 v - 6 scrolls of teleportation
 E - 6 scrolls of fog
 K - 2 scrolls of enchant armour
 N - a scroll of vulnerability
Potions
 c - 7 potions of might
 h - 2 potions of invisibility
 o - 4 potions of curing
 p - 9 potions of heal wounds
 u - 3 potions of berserk rage
 w - a potion of attraction
 B - a potion of lignification
 D - 2 potions of resistance
 F - 2 potions of haste
 L - 2 potions of mutation
 M - 2 potions of cancellation
 X - 2 potions of brilliance
Miscellaneous
 x - a lightning rod (4/4)
 C - a phantom mirror


   Skills:
 + Level 13.1(14.8) Fighting
 * Level 5.1(6.2) Long Blades
 - Level 6.0(7.1) Dodging
 - Level 6.0(7.1) Stealth
 - Level 11.6(13.3) Spellcasting
 - Level 6.0(7.2) Evocations


You knew the following spells:

 Your Spells              Type           Power      Damage    Failure   Level
a - Foxfire               Conj/Fire      100%       2x1d9     1%          1
b - Scorch                Fire           100%       2d9       1%          2
c - Volatile Blastmotes   Fire/Tloc      100%       2d18      1%          3
d - Inner Flame           Hex/Fire       63%        N/A       1%          3
e - Flame Wave            Conj/Fire      63%        2d15      1%          4
f - Necrotise             Necr           100%       1d9       1%          1
g - Passwall              Tmut/Erth      52%        N/A       1%          2
h - Hailstorm             Conj/Ice       63%        3d13      1%          3
i - Spider Form           Tmut/Pois      63%        N/A       1%          3
j - Silence               Hex/Air        31%        N/A       1%          5
k - Alistair's Intoxicat  Tmut/Pois      42%        N/A       1%          5
Your spell library was empty.

Dungeon Overview and Level Annotations

Branches:
Dungeon (13/15)            Temple (1/1) D:5            Lair (0/5) D:11
    Orc (0/2) D:12          Sewer (visited)          Bailey (visited)
Gauntlet (visited)
 Vaults: D:13-14

Altars:
Ashenzari
Cheibriados
Dithmenos
Elyvilon
Fedhas
Gozag
Hepliaklqana
Makhleb
Nemelex Xobeh
Okawaru
Qazlal
Ru
Trog
Uskayaw
Wu Jian
Xom
Yredelemnul
Zin
The Shining One

Shops:
D:4 !   D:8 :   D:12 [


Innate Abilities, Weirdness & Mutations

You are immune to sickness and miasma.
You are immune to poison.
Your flesh is very heat resistant. (rF++)
You are vulnerable to cold. (rC-)
You float through the air rather than walking.
You learn spells naturally, not from books.
Your magical power is your life essence.
You have superior vitality. (+4 MHP)


Message History

The slime creature hits you!
* * * LOW HITPOINT WARNING * * *
Unknown command.
Unknown command.
Casting: Scorch (safe; 1% risk of failure)
Confirm with . or Enter, or press ? or * to list all spells.
Flames lash the slime creature.
Flame seeps out of the slime creature.
The slime creature is lightly wounded.
The slime creature's fire resistance burns away.
* * * LOW HITPOINT WARNING * * *
The slime creature is engulfed in blazing flames.
Flame seeps out of the slime creature.
The slime creature hits you!
* * * LOW HITPOINT WARNING * * *
Unknown command.
Unknown command.
Casting: Scorch (safe; 1% risk of failure)
Confirm with . or Enter, or press ? or * to list all spells.
Flames lash the slime creature.
The slime creature is burned terribly!
Flame seeps out of the slime creature.
The slime creature is severely wounded.
* * * LOW HITPOINT WARNING * * *
Two slime creatures merge to form a large slime creature.
The slime creature is engulfed in blazing flames.
Flame seeps out of the slime creature.
The slime creature hits you!
* * * LOW HITPOINT WARNING * * *
Unknown command.
Unknown command.
Unknown command.
Casting: Scorch (safe; 1% risk of failure)
Confirm with . or Enter, or press ? or * to list all spells.
Flames lash the slime creature.
The slime creature is burned terribly!
* * * LOW HITPOINT WARNING * * *
The slime creature explodes!
The fiery explosion engulfs the centaur warrior!!
The centaur warrior is burned terribly!
You kill the centaur warrior!
The fiery explosion engulfs you! You resist.
* * * LOW HITPOINT WARNING * * *
You are engulfed in blazing flames.
You resist.
You die...

###..##...(......##.....
#...........##.##.)..}
#.###J###.............
#.# #.# #....#.##..###
#.# #.# #.[#.#.##..###
#.# #.###.............
#.# #§§............###
#.# #°###.##.#†##.## #.#
#@# ,.. #.##... #.###.#
# #.######
#.....########.#
#####..........#
############


You could see a large slime creature.

Vanquished Creatures
  Frances (D:12)
  A minotaur (Gauntlet)
  Harold (D:9)
  Fannar (D:12)
  2 vault guards (Bailey)
  Erica (D:11)
  4 centaur warriors
  A boulder beetle (D:13)
  A two-headed ogre (D:8)
  The ghost of BillyBaka the Nimble, a novice GnWn of Qazlal (D:8)
  Sonja (D:11)
  A fire crab (shapeshifter) (D:12)
  A deep elf pyromancer (D:13)
  5 cyclopes
  2 ugly things
  Joseph (D:7)
  An elephant (Gauntlet)
  The ghost of mkat the Sneak, a novice DgDe (D:5)
  A torpor snail (Gauntlet)
  2 kobold demonologists (D:12)
  Maggie (D:8)
  An unseen horror (D:11)
  Psyche (D:8)
  3 rime drakes
  6 trolls
  A tyrant leech (Gauntlet)
  2 hornets
  Prince Ribbit (Bailey)
  6 slime creatures (D:13)
  14 yaks
  2 wraiths
  A vampire (D:11)
  7 humans (Bailey)
  A wyvern (D:9)
  A basilisk (D:10)
  A steam dragon (D:9)
  4 vampire mosquitoes
  A two-headed ogre zombie (D:12)
  2 swamp worms (Gauntlet)
  4 acid dragons
  Duvessa (D:6)
  2 water moccasins
  8 ice beasts
  3 black bears (D:7)
  3 ogres
  2 wolves
  9 centaurs
  A phantom (D:12)
  6 kobold brigands
  4 gnoll sergeants
  10 bullfrogs
  4 scorpions
  Dowan (D:6)
  19 wights
  3 troll zombies (D:12)
  5 killer bees (D:9)
  5 howler monkeys
  2 bullfrog zombies (D:5)
  2 hounds (D:5)
  A jelly (D:4)
  7 orc priests
  3 gnoll boudas
  2 bullfrog skeletons (D:5)
  2 orc wizards
  Terence (D:3)
  A centaur skeleton (D:5)
  A sleepcap (D:4)
  Natasha (thrice) (D:2)
  4 iguanas
  4 ogre zombies (D:12)
  11 adders
  31 gnolls
  3 shadow imps
  3 white imps
  An ufetubus (D:6)
  2 worms (D:2)
  5 dart slugs
  30 orcs
  2 endoplasms
  6 giant cockroaches
  7 goblins
  3 hobgoblins
  4 jackals (D:1)
  3 quokkas (D:4)
  10 ball pythons
  14 bats
  2 frilled lizards
  2 goblin skeletons (D:12)
  2 goblin zombies (D:12)
  22 kobolds
  5 orc skeletons (D:12)
  16 orc zombies (D:12)
  5 rats
398 creatures vanquished.

Vanquished Creatures (collateral kills)
  A foxfire (D:1)
1 creature vanquished.

Vanquished Creatures (others)
  A gnoll (D:11)
  657 foxfires
658 creatures vanquished.

Grand Total: 1057 creatures vanquished

Notes
Turn   | Place    | Note
-------+----------+-------------------------------------------
     0 | D:1      | cdecastro the Djinni Fire Elementalist began the quest for
                  | the Orb.
     0 | D:1      | cdecastro set off with the following spells memorised:
                  | Foxfire, Scorch, Volatile Blastmotes, Inner Flame, Flame
                  | Wave.
     0 | D:1      | Reached XP level 1. HP: 15/15 MP: 0/0
   246 | D:1      | Reached XP level 2. HP: 20/22 MP: 0/0
   448 | D:1      | Reached skill level 1 in Fighting
   574 | D:1      | Reached XP level 3. HP: 13/27 MP: 0/0
   574 | D:1      | Learned a level 1 spell: Necrotise
  1346 | D:2      | Noticed Natasha
  1354 | D:2      | Killed Natasha
  1355 | D:2      | Reached XP level 4. HP: 25/33 MP: 0/0
  1418 | D:2      | Noticed Natasha
  1425 | D:2      | Killed Natasha
  1426 | D:2      | Reached skill level 2 in Fighting
  1604 | D:2      | Noticed Natasha
  1632 | D:2      | Killed Natasha
  1633 | D:2      | Reached XP level 5. HP: 34/39 MP: 0/0
  1633 | D:2      | Learned a level 2 spell: Passwall
  1921 | D:3      | Found a blossoming altar of Fedhas.
  1939 | D:3      | Noticed Terence
  1945 | D:3      | Killed Terence
  2182 | D:3      | Noticed a kobold brigand
  2191 | D:3      | Killed a kobold brigand
  2192 | D:3      | Reached skill level 3 in Fighting
  2192 | D:3      | Reached XP level 6. HP: 40/46 MP: 0/0
  2321 | D:3      | Found a broken altar of Ashenzari.
  2329 | D:3      | Became a worshipper of Ashenzari the Shackled
  2970 | D:3      | Found an opulent altar of Gozag.
  3269 | D:4      | Found Fotudej's Distillery.
  3272 | D:4      | Bought a potion of berserk rage for 55 gold pieces
  3272 | D:4      | Bought a potion of heal wounds for 55 gold pieces
  3360 | D:4      | Reached XP level 7. HP: 25/50 MP: 0/0
  3360 | D:4      | Learned a level 3 spell: Hailstorm
  3523 | D:4      | Reached skill level 5 in Spellcasting
  3624 | D:4      | Reached skill level 4 in Fighting
  3988 | D:5      | Entered Level 5 of the Dungeon
  4124 | D:5      | Found a glowing silver altar of Zin.
  4138 | D:5      | Found a glowing drain.
  4159 | Sewer    | Entered a sewer
  4382 | Sewer    | Noticed a water moccasin
  4391 | Sewer    | Killed a water moccasin
  4392 | Sewer    | Reached XP level 8. HP: 53/59 MP: 0/0
  4526 | D:5      | Found a staircase to the Ecumenical Temple.
  4536 | Temple   | Entered the Ecumenical Temple
  4848 | D:5      | Reached skill level 5 in Fighting
  4934 | D:5      | Found a shimmering altar of Xom.
  4936 | D:5      | Found a snail-covered altar of Cheibriados.
  4936 | D:5      | Found a sparkling altar of Nemelex Xobeh.
  4938 | D:5      | Found an ornate altar of the Wu Jian Council.
  4938 | D:5      | Found an iron altar of Okawaru.
  4938 | D:5      | Found a blossoming altar of Fedhas.
  5417 | D:5      | Found a runed translucent gate.
  5417 | D:5      | Found a runed translucent gate.
  5417 | D:5      | Found a runed translucent gate.
  5460 | D:5      | Noticed mkat's ghost (novice DgDe)
  5594 | D:5      | Found a large runed translucent door.
  5595 | D:5      | Found a large runed translucent door.
  5735 | D:5      | Found a basalt altar of Yredelemnul.
  6249 | D:6      | HP: 2/61 [cloud of flame (9)]
  6451 | D:6      | Reached XP level 9. HP: 64/66 MP: 0/0
  6451 | D:6      | Learned a level 3 spell: Spider Form
  6554 | D:6      | Reached skill level 6 in Fighting
  6652 | D:6      | Noticed Dowan
  6653 | D:6      | Noticed Duvessa
  6655 | D:6      | Killed Dowan
  6660 | D:6      | Killed Duvessa
  7052 | D:7      | Found a flagged portal.
  7077 | Bailey   | Entered a bailey
  7106 | Bailey   | Reached skill level 7 in Fighting
  7117 | Bailey   | HP: 1/68 [spore (11)]
  7127 | Bailey   | Reached XP level 10. HP: 19/76 MP: 0/0
  7407 | Bailey   | Reached skill level 8 in Fighting
  7560 | Bailey   | Noticed Prince Ribbit
  7560 | Bailey   | Noticed a vault guard
  7568 | Bailey   | Killed Prince Ribbit
  7591 | Bailey   | Killed a vault guard
  7853 | Bailey   | Noticed a vault guard
  7890 | Bailey   | Killed a vault guard
  7891 | Bailey   | Reached skill level 10 in Spellcasting
  8288 | D:7      | Identified the +2 leather armour of Zin's Regard {Str+6
                  | Int-5}
  8322 | D:7      | Reached skill level 9 in Fighting
  8367 | D:7      | Reached XP level 11. HP: 77/84 MP: 0/0
  8367 | D:7      | Learned a level 5 spell: Silence
  8655 | D:7      | Found a burning altar of Makhleb.
  8733 | D:7      | Noticed Joseph
  8984 | D:8      | Found a shadowy altar of Dithmenos.
  9224 | D:8      | Noticed a two-headed ogre
  9228 | D:8      | Killed a two-headed ogre
  9241 | D:8      | Noticed Psyche
  9246 | D:8      | Noticed Maggie
  9247 | D:8      | Killed Psyche
  9259 | D:8      | Killed Maggie
  9530 | D:8      | Found a sacrificial altar of Ru.
  9625 | D:8      | Found a hazy altar of Hepliaklqana.
  9703 | D:8      | Found Taon's Book Shoppe.
  9860 | D:8      | Found a bloodstained altar of Trog.
  9861 | D:8      | Reached * piety under Ashenzari
  9864 | D:8      | Found a runed translucent gate.
  9864 | D:8      | Found a runed translucent gate.
  9864 | D:8      | Found a runed translucent gate.
  9886 | D:8      | Noticed BillyBaka's ghost (novice GnWn)
 10255 | D:9      | Reached skill level 10 in Fighting
 10658 | D:9      | Noticed Harold
 10802 | D:9      | Killed Harold
 11095 | D:10     | Entered Level 10 of the Dungeon
 11279 | D:10     | Found a sparkling altar of Nemelex Xobeh.
 11487 | D:10     | Reached skill level 1 in Evocations
 11613 | D:10     | Found a stormy altar of Qazlal.
 11632 | D:10     | Reached XP level 12. HP: 85/94 MP: 0/0
 11906 | D:10     | Reached ** piety under Ashenzari
 12051 | D:11     | Identified the +9 hand axe of Egaibb {heavy, Fragile +Blink
                  | rPois SInv}
 12072 | D:11     | Noticed a centaur warrior
 12180 | D:11     | Killed a centaur warrior
 12478 | D:11     | Noticed Sonja
 12485 | D:11     | Killed Sonja
 12486 | D:11     | Reached skill level 11 in Fighting
 12486 | D:11     | Reached skill level 5 in Evocations
 13165 | D:11     | Found a staircase to the Lair.
 13364 | D:11     | Noticed Erica
 13381 | D:11     | Killed Erica
 13520 | D:11     | Reached skill level 5 in Dodging
 14036 | D:12     | Found Ekhacuez's Antique Armour Shoppe.
 14215 | D:12     | Found a gate leading to a gauntlet.
 14225 | Gauntlet | Entered a Gauntlet
 14225 | Gauntlet | Found a transporter.
 14225 | Gauntlet | Found a transporter.
 14229 | Gauntlet | Found a transporter.
 14229 | Gauntlet | Found a transporter.
 14231 | Gauntlet | Found a large runed translucent door.
 14232 | Gauntlet | Found a large runed translucent door.
 14233 | Gauntlet | Found a large runed translucent door.
 14233 | Gauntlet | Found a large runed translucent door.
 14233 | Gauntlet | Found a runed translucent door.
 14234 | Gauntlet | Found a large runed translucent door.
 14237 | Gauntlet | Found a transporter.
 14251 | Gauntlet | Found a large runed translucent door.
 14252 | Gauntlet | Found a large runed translucent door.
 14253 | Gauntlet | Found a large runed translucent door.
 14254 | Gauntlet | Found a runed translucent gate.
 14256 | Gauntlet | Found a transporter.
 14260 | Gauntlet | Identified the ring of Linearity {rPois Int+6}
 14262 | Gauntlet | Identified the +0 robe of Loife {*Corrode MP+9 Stlth+}
 14265 | Gauntlet | Identified the ring "Tualefi" {EV+5 Int+2}
 14266 | Gauntlet | Found a transporter.
 14266 | Gauntlet | Found a transporter.
 14268 | Gauntlet | Identified the +6 flail "Kumun" {freeze, rN+ Int+5 Stlth-}
 14270 | Gauntlet | Found a transporter.
 14276 | Gauntlet | Identified the ring of Wait {Wiz rCorr}
 14297 | Gauntlet | Found a transporter.
 14299 | Gauntlet | Found a runed translucent gate.
 14299 | Gauntlet | Found a runed translucent gate.
 14301 | Gauntlet | Found a large runed translucent door.
 14302 | Gauntlet | Found a large runed translucent door.
 14304 | Gauntlet | Found a transporter.
 14305 | Gauntlet | Found a large runed translucent door.
 14306 | Gauntlet | Found a large runed translucent door.
 14309 | Gauntlet | Found a runed translucent door.
 14320 | Gauntlet | Found a large runed translucent door.
 14320 | Gauntlet | Found a large runed translucent door.
 14321 | Gauntlet | Found a large runed translucent door.
 14321 | Gauntlet | Noticed a catoblepas
 14322 | Gauntlet | Found a large runed translucent door.
 14327 | Gauntlet | Found a transporter.
 14363 | Gauntlet | Found a transporter.
 14385 | Gauntlet | Found a transporter.
 14480 | Gauntlet | Found a transporter.
 14494 | Gauntlet | Found a transporter.
 14889 | Gauntlet | Reached XP level 13. HP: 84/103 MP: 0/0
 14889 | Gauntlet | Learned a level 5 spell: Alistair's Intoxication
 15212 | Gauntlet | Reached skill level 12 in Fighting
 15600 | Gauntlet | Noticed a minotaur
 15624 | Gauntlet | Killed a minotaur
 15895 | D:12     | Noticed Fannar
 15913 | D:12     | Noticed Frances
 16141 | D:12     | Killed Frances
 16440 | D:5      | Found a white marble altar of Elyvilon.
 16542 | D:5      | Killed mkat's ghost
 16722 | D:7      | Killed Joseph
 16723 | D:7      | Reached skill level 5 in Stealth
 16933 | D:8      | Killed BillyBaka's ghost
 17703 | D:12     | Found a staircase to the Orcish Mines.
 17858 | D:12     | Killed Fannar
 17859 | D:12     | Reached skill level 1 in Long Blades
 18363 | D:13     | Noticed a centaur warrior
 18851 | D:13     | Killed a centaur warrior
 19903 | D:13     | Reached skill level 13 in Fighting
 20080 | D:13     | Noticed a centaur warrior
 20155 | D:13     | Killed a centaur warrior
 20403 | D:13     | Reached skill level 5 in Long Blades
 20468 | D:13     | Noticed a centaur warrior
 20484 | D:13     | Killed a centaur warrior
 20484 | D:13     | HP: 4/106 [spore (11)]
 20484 | D:13     | Engulfed by a cloud of flame

Illustrated notes

Levels and vault maps discovered:
D:1:      dpeg_arrival_simpleton_a, layout_basic
D:2:      layout_basic, uniq_natasha
D:3:      layout_basic, evilmike_ruin_ashenzari, nicolae_gozag_seed_capital,
          fedhas_ov_isle_minmay, serial_curves, eino_curves_01, eino_curves_04,
          eino_curves_03, eino_curves_04, uniq_terence
D:4:      layout_basic, serial_shops, nicolae_shop_statue_plus
D:5:      layout_layer_cave, zin_statuary, lemuel_zombie_altar_yredelemnul,
          doesnt_xom_only_xom, jmf_multi_god_temple2, temple_hall,
          gup_sewer_entry_glass, gammafunk_ghost_necromancy
D:6:      layout_basic, uniq_duvessa
D:7:      layout_rooms, kennysheep_mini_moat, marbit_many_paths, enter_bailey_7,
          minmay_bent, uniq_joseph
D:8:      layout_rooms, lemuel_crystal_altar, nicolae_overflow_crystal_walls,
          lemuel_tele_altar, amcnicky_altar_gilded, serial_shops,
          nicolae_shop_back_alley_shop, gammafunk_ghost_spectres,
          grunt_decor_clamped, hangedman_decor_opposing, uniq_maggie,
          uniq_psyche
D:9:      layout_gridville, uniq_harold
D:10:     layout_roguey, nemelex_diamond_rough_becter,
          mainiacjoe_overflow_alcove_1
D:11:     layout_rooms, hellmonk_lair_entry_icy, uniq_sonja, uniq_erica
D:12:     layout_roguey, zombieorc2_lemuel, serial_shops, shop_statue,
          gauntlet_entry_generic, uniq_frances, uniq_fannar
D:13:     layout_loops_ring
Temple:   nicolae_temple_superstar

Skill      XL: |  1  2  3  4  5  6  7  8  9 10 11 12 13 |
---------------+----------------------------------------+-----
Fighting       | 1 2 3 4 5 7 9 10 11 13 | 13.1
Spellcasting   | 3 4 5 7 8 10 11 | 11.6
Evocations     | 2 6 |  6.0
Dodging        | 6 |  6.0
Stealth        | 2 6 |  6.0
Long Blades    | 5 |  5.1

Action                     |  1- 3 |  4- 6 |  7- 9 | 10-12 | 13-15 || total
---------------------------+-------+-------+-------+-------+-------++-------
  Melee: Unarmed           |     1 |       |       |       |       ||     1
         Rapier            |       |     1 |     1 |       |       ||     2
         Dagger            |       |       |     2 |     3 |     5 ||    10
   Fire: Shortbow          |       |       |    16 |    55 |       ||    71
         Sling             |       |       |       |       |    13 ||    13
   Cast: Foxfire           |    67 |    47 |    58 |   204 |    12 ||   388
         Scorch            |    10 |    24 |    98 |   148 |   122 ||   402
         Inner Flame       |       |     6 |     6 |    36 |    16 ||    64
         Necrotise         |       |     5 |     7 |     6 |    12 ||    30
         Hailstorm         |       |       |     4 |    13 |    10 ||    27
         Volatile Blastmot |       |       |     4 |    22 |    40 ||    66
         Passwall          |       |       |     2 |     2 |     2 ||     6
         Flame Wave        |       |       |     1 |     4 |     9 ||    14
         Silence           |       |       |       |       |     1 ||     1
 Invoke: Curse Item        |       |       |     1 |     2 |       ||     3
  Evoke: Lightning rod     |       |       |       |       |     4 ||     4
         Wand              |       |       |       |       |     1 ||     1
         Phantom mirror    |       |       |       |       |     1 ||     1
    Use: Potion            |       |       |     1 |       |     3 ||     4
         Scroll            |       |       |       |       |     2 ||     2
   Stab: Sleeping          |       |     1 |       |       |       ||     1
 Armour: Robe              |     5 |     2 |    21 |       |       ||    28
         Leather armour    |       |       |     6 |    46 |    40 ||    92
  Dodge: Dodged            |     8 |    14 |    36 |   104 |   103 ||   265
